 Dungeon Crawl Stone Soup version 0.20.0 (webtiles) character file.

271834 SpeedrunTech the Slayer (level 19, -21/283 HPs)
             Began as a Minotaur Berserker on June 10, 2017.
             Was a High Priest of Trog.
             Demolished by an iron troll (23 damage)
             ... on level 1 of the Depths.
             The game lasted 00:25:10 (30715 turns).

SpeedrunTech the Slayer (Minotaur Berserker)       Turns: 30715, Time: 00:25:11

Health: -21/283    AC: 26    Str: 31    XL:     19   Next: 3%
Magic:  18/18      EV: 19    Int:  4    God:    Trog [*****.]
Gold:   987        SH: 18    Dex: 14    Spells: 18/18 levels left

rFire    . . .     SeeInvis .   a - +9 broad axe (freeze)
rCold    . . .     Gourm    .   b - +2 shield
rNeg     . . .     Faith    +   g - +0 plate armour
rPois    +         Spirit   .   (helmet restricted)
rElec    .         Reflect  .   T - +2 cloak
rCorr    .         Harm     .   k - +2 pair of gloves
MR       +....                  A - +0 pair of boots
Stlth    ..........             d - amulet of faith {!P}
Regen    0.6/turn               N - +3 ring of evasion
MPRegen  0.2/turn               u - ring of poison resistance

@: berserking, very quick
A: retaliatory headbutt, horns 2
}: 3/15 runes: decaying, serpentine, abyssal
a: Berserk, Trog's Hand, Brothers in Arms, Burn Spellbooks, Renounce Religion


You were on level 1 of the Depths.
You worshipped Trog.
Trog was extremely pleased with you.
You were full.

You visited 6 branches of the dungeon, and saw 32 of its levels.
You visited the Abyss 2 times.

You collected 1733 gold pieces.
You spent 746 gold pieces at shops.

Inventory:

Hand Weapons
 a - a +9 broad axe of freezing (weapon)
 v - a +1 antimagic broad axe
 P - a +2 broad axe of freezing
Armour
 b - a +2 shield (worn)
 g - a +0 plate armour (worn)
 k - a +2 pair of gloves (worn)
 A - a +0 pair of boots (worn)
 T - a +2 cloak (worn)
Jewellery
 d - an amulet of faith (around neck) {!P}
 m - an uncursed ring of protection from magic
 u - a ring of poison resistance (right hand)
 z - an uncursed ring of resist corrosion
 F - a +1 ring of protection {unknown}
 I - an uncursed ring of see invisible
 N - a +3 ring of evasion (left hand)
Wands
 r - a wand of acid (11/15)
 E - a wand of digging (9/24)
 M - a wand of iceblast (4/15)
 Q - a wand of acid (1/15)
 W - a wand of acid (9/15)
Scrolls
 i - 13 scrolls of teleportation
 n - 2 scrolls of identify
 q - 13 scrolls of remove curse
 s - 4 scrolls of fog
 w - 3 scrolls of magic mapping
 x - 5 scrolls of blinking
 y - a scroll of summoning
 G - 2 scrolls of fear
 K - 2 scrolls of enchant armour
 V - a scroll of recharging
Potions
 e - 4 potions of flight
 f - 5 potions of might
 h - 3 potions of mutation {!q!q}
 j - a potion of berserk rage
 l - 4 potions of magic
 o - 14 potions of curing
 p - 4 potions of heal wounds
 t - 3 potions of brilliance
 D - 3 potions of ambrosia
 H - a potion of cancellation {unknown}
 J - a potion of lignification {unknown}
 O - a potion of haste
 R - a potion of resistance {unknown}
 S - 3 potions of agility
 U - a potion of invisibility
Comestibles
 c - 28 chunks of flesh
 B - 26 fruits
 C - 11 royal jellies
 L - 11 bread rations


   Skills:
 * Level 21.0 Fighting
 - Level 19.3 Axes
 + Level 15.7 Armour
 + Level 13.2 Dodging
 + Level 18.9 Shields


You had 18 spell levels left.
You didn't know any spells.

Dungeon Overview and Level Annotations

Branches:
Dungeon (15/15)              Lair (6/6) D:8           Swamp (4/4) Lair:2
  Snake (4/4) Lair:2        Slime (0/5) Lair:6          Orc (0/2) D:12
 Vaults (2/5) D:13         Depths (1/5) D:15
 Temple: D:4-7        Crypt: Vaults:2-3

Altars:
Elyvilon
Hepliaklqana
Ru
Uskayaw
Zin
Beogh
Jiyva

Shops:
D:9 (   D:12 ([!

Portals:
Abyss: Depths:1
Trove: D:14 (give +2 gold dragon scales)
Sewer: D:5

Annotations:
Lair:6 1 runed door
Swamp:3 exclusion: oklob plant


Innate Abilities, Weirdness & Mutations

You reflexively headbutt those who attack you in melee.
You have a pair of horns on your head.


Message History

Unknown command.
Unknown command.
You slash the deep troll shaman! You freeze the deep troll shaman.
You kill the deep troll shaman!
Trog accepts your kill.
You slash the iron troll! You hit the iron troll.
The iron troll closely misses you. You block the iron troll's attack.
The iron troll claws you but does no damage.
Unknown command.
Unknown command.
You slice the iron troll!! You freeze the iron troll.
You headbutt the iron troll.
The iron troll is almost dead.
You hit the iron troll but do no damage.
The iron troll bites you!!
* * * LOW HITPOINT WARNING * * *
The iron troll claws you!
* * * LOW HITPOINT WARNING * * *
The iron troll claws you!!
You die...

.. #.# #.# ♣ #.# ###.#
#.# #.#(# #.# #†T.#
#.######@######
#....%.∩T......)
#########.#######.#####.
..(.......# .#
#########.# #.# .# #.#
#.# #.# #.# #.# #.# #.#
#.# #.. #.# #.# #.#


You could see 2 iron trolls.

Vanquished Creatures
  Nikola (Swamp:2)
  A bone dragon (Swamp:4)
  A profane servitor (Abyss:2)
  The ghost of tijit the Warrior, an adept MfSk of Okawaru (Vaults:2)
  Frances (Snake:1)
  A tengu reaver (Abyss:4)
  The ghost of abeheron the Severer, an adept MiBe of Trog (Swamp:4)
  Kirke (Lair:4)
  8 nagarajas (Snake:4)
  2 vault wardens (Vaults:1)
  The ghost of SubscribeToDemise the Executioner, a journeyman MiBe of Trog (Snake:1)
  Aizul (Snake:1)
  7 ironheart preservers
  An entropy weaver (Vaults:1)
  2 stone giants (Vaults:2)
  3 deep elf demonologists
  3 deep elf annihilators
  A starcursed mass (Abyss:4)
  2 dire elephants
  2 ettins (Depths:1)
  Josephine (Snake:1)
  A great orb of eyes (Vaults:1)
  5 vault guards (D:13)
  9 hydras
  An ice dragon (Vaults:1)
  A yaktaur captain (Vaults:1)
  7 ogre magi
  A rakshasa (Abyss:4)
  7 naga warriors
  A ghost crab (Swamp:2)
  The ghost of SpeedrunTech the Severer, a novice MiBe of Trog (D:11)
  3 alligators
  3 centaur warriors
  21 anacondas
  25 two-headed ogres
  A deep troll earth mage (Vaults:1)
  Erica (D:10)
  A death yak (Lair:5)
  2 thrashing horrors (Abyss:3)
  A tengu warrior (D:15)
  3 deep troll shamans
  3 shock serpents
  Sonja (Lair:2)
  13 naga sharpshooters
  A deep elf knight (Vaults:2)
  A wretched star (Abyss:2)
  A sixfirhy (Abyss:3)
  2 salamander mystics
  A death drake (Swamp:4)
  5 unseen horrors
  A glowing orange brain (Vaults:1)
  3 deep trolls (Vaults:1)
  A flayed ghost (Vaults:1)
  5 spectral hydras (Swamp:4)
  A harpy (shapeshifter) (Vaults:1)
  2 deep elf archers
  4 ironbrand convokers (Vaults:1)
  2 wizards
  3 phantasmal warriors (Swamp:4)
  2 shambling mangroves
  9 naga ritualists
  5 orc knights
  11 salamanders
  4 mana vipers
  A wolf spider zombie (D:15)
  3 deep elf magi
  7 cyclopes
  10 ugly things
  10 naga magi
  2 centaur zombies
  2 worldbinders (Abyss:4)
  14 elephants
  A water nymph (Abyss:4)
  6 vault sentinels
  24 black mambas
  A rust devil (Abyss:2)
  13 spiny frogs
  4 gargoyles
  9 guardian serpents
  A water nymph (shapeshifter) (Vaults:2)
  2 large abominations
  2 swamp worm zombies (Swamp:4)
  3 rime drakes
  A hellwing (Abyss:4)
  11 komodo dragons
  5 yaktaurs (Vaults:1)
  3 ancient zymes
  A tengu conjurer (D:15)
  A demonic crawler (Abyss:4)
  5 hydra zombies (Swamp:4)
  A troll (shapeshifter) (Vaults:1)
  A harpy zombie (Abyss:3)
  A polar bear (Lair:4)
  7 trolls
  31 slime creatures
  A jumping spider (Vaults:1)
  2 tyrant leeches (Swamp:3)
  7 hornets
  7 raiju
  6 bog bodies
  7 hippogriffs
  12 blink frogs
  7 dream sheep (Lair:4)
  4 alligator zombies (Swamp:4)
  5 flying skulls (Abyss:3)
  2 shadows
  2 water elementals (Abyss:4)
  3 redbacks (Vaults:1)
  6 wraiths
  A spriggan (Swamp:3)
  3 wyverns
  72 yaks
  2 basilisks
  2 chaos spawn (Abyss:2)
  2 steam dragons
  4 hogs (Lair:4)
  A spatial vortex (Abyss:2)
  3 wargs
  40 nagas
  10 vampire mosquitoes
  3 acid dragons
  14 insubstantial wisps
  4 swamp worms
  22 water moccasins
  9 porcupines
  4 ice beasts
  A necrophage (D:10)
  3 swamp drakes
  20 orc warriors
  2 swamp dragon zombies (Swamp:4)
  7 phantoms
  28 ogres
  A black bear (D:9)
  4 wolves (Lair:6)
  7 centaurs
  A boggart (Vaults:1)
  The ghost of aesoa the Ducker, an amateur OpMo (D:4)
  14 crocodiles
  A big kobold (D:7)
  18 bullfrogs
  2 wyvern skeletons
  3 scorpions
  30 killer bees
  5 wights (D:12)
  7 jellies
  7 electric eels
  4 crimson imps
  6 centaur skeletons
  17 orc priests
  7 hounds
  2 iron imps (Abyss:2)
  2 bullfrog skeletons
  19 orc wizards
  4 small abominations (Abyss:2)
  2 spectral swamp drakes (Swamp:4)
  8 worker ants
  5 hell rats
  2 worker ant zombies
  A howler monkey skeleton (D:7)
  18 adders
  A swamp drake zombie (Swamp:4)
  4 shadow imps
  2 white imps (Abyss:2)
  2 oozes
  2 worms
  A dart slug (D:4)
  A leopard gecko (D:4)
  81 orcs
  2 giant cockroaches
  5 goblins
  2 hobgoblins
  6 jackals
  3 quokkas
  2 ball pythons (D:5)
  A bat (D:2)
  4 frilled lizards
  8 kobolds
  4 rats
  2 fungi
  2 plants (Lair:6)
1062 creatures vanquished.

Vanquished Creatures (collateral kills)
  2 deep elf blademasters (Abyss:4)
  A tengu reaver (Abyss:4)
  A dire elephant (Abyss:4)
  An ogre mage (Vaults:2)
  3 vault guards (D:13)
  A rakshasa (Abyss:4)
  A naga warrior (Snake:4)
  An alligator (Swamp:4)
  An anaconda (Snake:4)
  3 two-headed ogres
  A death yak (Lair:5)
  A satyr (Abyss:4)
  3 ugly things (Vaults:2)
  A worldbinder (Abyss:4)
  A water nymph (Abyss:4)
  A rime drake (Lair:5)
  3 insubstantial wisps (Swamp:4)
  4 nagas
  An orc warrior (D:13)
  An ogre (D:13)
  A wolf (Lair:6)
  A centaur (D:13)
  A big kobold (D:10)
  An orc priest (D:13)
  An orc (D:13)
37 creatures vanquished.

Vanquished Creatures (others)
  A swamp drake (Swamp:2)
  An adder (Lair:2)
  14 fungi
  3 plants
19 creatures vanquished.

Grand Total: 1118 creatures vanquished

Notes
Turn   | Place    | Note
-------+----------+-------------------------------------------
     0 | D:1      | SpeedrunTech the Minotaur Berserker began the quest for the Orb.
     0 | D:1      | Reached XP level 1. HP: 19/19 MP: 0/0
   178 | D:1      | Reached XP level 2. HP: 25/27 MP: 1/1
   424 | D:2      | Reached skill level 1 in Shields
   775 | D:2      | Reached XP level 3. HP: 26/33 MP: 2/2
  1103 | D:2      | Reached skill level 4 in Fighting
  1269 | D:3      | Reached skill level 5 in Axes
  1302 | D:4      | Found a glowing silver altar of Zin.
  1312 | D:4      | Reached XP level 4. HP: 40/40 MP: 3/3
  1326 | D:4      | Reached ** piety under Trog
  1673 | D:4      | Noticed aesoa's ghost (amateur OpMo)
  1679 | D:4      | Killed aesoa's ghost
  1679 | D:4      | Reached XP level 5. HP: 47/47 MP: 4/4
  2336 | D:5      | Entered Level 5 of the Dungeon
  2378 | D:5      | Reached XP level 6. HP: 53/55 MP: 5/5
  2382 | D:5      | Reached skill level 5 in Fighting
  2427 | D:5      | Found a glowing drain.
  2839 | D:6      | Reached XP level 7. HP: 61/61 MP: 6/6
  2992 | D:7      | Noticed a hippogriff
  3002 | D:7      | Killed a hippogriff
  3002 | D:7      | Reached skill level 6 in Fighting
  3002 | D:7      | Reached skill level 5 in Shields
  3051 | D:7      | Found a sacrificial altar of Ru.
  3101 | D:7      | Reached *** piety under Trog
  3127 | D:7      | Found a hazy altar of Hepliaklqana.
  3150 | D:7      | Reached XP level 8. HP: 56/71 MP: 7/7
  3403 | D:8      | Reached skill level 7 in Fighting
  3444 | D:8      | Noticed a hornet
  3449 | D:8      | Paralysed by a hornet for 3 turns
  3459 | D:8      | Killed a hornet
  3659 | D:8      | Found a staircase to the Lair.
  3736 | D:8      | Reached skill level 10 in Axes
  3866 | D:8      | Found a white marble altar of Elyvilon.
  4038 | D:9      | Reached XP level 9. HP: 72/81 MP: 8/8
  4040 | D:9      | Reached skill level 8 in Fighting
  4319 | D:9      | Noticed a two-headed ogre
  4325 | D:9      | Killed a two-headed ogre
  4333 | D:9      | Reached skill level 9 in Fighting
  4334 | D:9      | Reached **** piety under Trog
  4470 | D:9      | Found a hide-covered altar of Uskayaw.
  4477 | D:9      | Found Omack's Weapon Shop.
  4746 | D:9      | Reached XP level 10. HP: 91/91 MP: 9/9
  5176 | Lair:1   | Entered Level 1 of the Lair of Beasts
  5176 | Lair:1   | Noticed a spiny frog
  5182 | Lair:1   | Killed a spiny frog
  5493 | Lair:1   | Reached skill level 10 in Fighting
  5817 | Lair:1   | Noticed a spiny frog
  5822 | Lair:1   | Killed a spiny frog
  6074 | Lair:2   | Noticed Sonja
  6101 | Lair:2   | Killed Sonja
  6101 | Lair:2   | Reached skill level 10 in Shields
  6405 | Lair:2   | Reached XP level 11. HP: 100/101 MP: 10/10
  6442 | Lair:2   | Found a staircase to the Snake Pit.
  6616 | Lair:2   | Reached skill level 11 in Fighting
  6638 | Lair:2   | Reached ***** piety under Trog
  6711 | Lair:2   | Reached skill level 15 in Axes
  8340 | Lair:4   | Noticed a six-headed hydra
  8354 | Lair:4   | Killed a 13-headed hydra
  8644 | Lair:4   | Reached skill level 12 in Fighting
  8647 | Lair:4   | Reached XP level 12. HP: 66/112 MP: 11/11
  9316 | Lair:4   | Noticed a five-headed hydra
  9332 | Lair:4   | Killed a 15-headed hydra
  9679 | Lair:4   | Noticed Kirke
  9692 | Lair:4   | Killed Kirke
 10970 | Lair:5   | Reached skill level 13 in Fighting
 11030 | Lair:5   | Noticed a death yak
 11030 | Lair:5   | Noticed a death yak
 11037 | Lair:5   | Killed a death yak
 11037 | Lair:5   | Reached XP level 13. HP: 122/122 MP: 12/12
 11115 | Lair:5   | You fall through a shaft!
 11115 | Lair:6   | Entered Level 6 of the Lair of Beasts
 11255 | Lair:6   | Reached skill level 5 in Armour
 12489 | Lair:6   | Received a gift from Trog
 12504 | Lair:6   | Found a runed door.
 12594 | Lair:6   | Found a viscous altar of Jiyva.
 12595 | Lair:6   | Found a staircase to the Slime Pits.
 13216 | Lair:6   | Reached skill level 14 in Fighting
 13641 | D:10     | Entered Level 10 of the Dungeon
 13877 | D:10     | Noticed Erica
 13887 | D:10     | Killed Erica
 14425 | D:10     | Reached XP level 14. HP: 130/132 MP: 13/13
 14989 | D:11     | Noticed SpeedrunTech's ghost (novice MiBe)
 15005 | D:11     | Killed SpeedrunTech's ghost
 15663 | D:12     | Found Esioschoa's Distillery.
 15688 | D:12     | Bought a potion of agility for 48 gold pieces
 15688 | D:12     | Bought a potion of invisibility for 96 gold pieces
 15688 | D:12     | Bought a potion of might for 48 gold pieces
 15688 | D:12     | Bought a potion of curing for 36 gold pieces
 15717 | D:12     | Received a gift from Trog
 15725 | D:12     | Found a roughly hewn altar of Beogh.
 15725 | D:12     | Found a staircase to the Orcish Mines.
 15734 | D:12     | Received a gift from Trog
 15923 | D:12     | Found Jeimunn's Antique Armour Shop.
 15942 | D:12     | Bought a fine chain mail for 266 gold pieces
 15954 | D:12     | Identified the +0 chain mail of the Fiddle {Stlth+} (You bought it in a shop on level 12 of the Dungeon)
 15972 | D:12     | Bought a jewelled scale mail for 252 gold pieces
 15982 | D:12     | Identified the +0 scale mail of Oxkunop {SInv} (You bought it in a shop on level 12 of the Dungeon)
 16096 | D:12     | Found Roirharuba's Antique Weapon Boutique.
 16482 | D:13     | Reached ****** piety under Trog
 16739 | D:13     | Found a gate to the Vaults.
 17058 | D:13     | Reached skill level 15 in Fighting
 17579 | D:14     | Reached skill level 5 in Dodging
 17591 | D:14     | Received a gift from Trog
 17950 | D:14     | Got a fine war axe {protect}
 17951 | D:14     | Identified the +6 war axe of Premature Burial {protect, -Tele +Rage rElec rC++} (You took it off an orc wizard on level 14 of the Dungeon)
 18070 | D:14     | Found a portal to a secret trove of treasure.
 18137 | D:15     | Entered Level 15 of the Dungeon
 18161 | D:15     | Reached skill level 10 in Armour
 18161 | D:15     | Reached skill level 15 in Shields
 18161 | D:15     | Reached XP level 15. HP: 137/141 MP: 14/14
 18563 | D:15     | Received a gift from Trog
 18627 | D:15     | Found a staircase to the Depths.
 19228 | Lair:2   | Found a staircase to the Swamp.
 19493 | Swamp:1  | Entered Level 1 of the Swamp
 19665 | Swamp:2  | Noticed Nikola
 19675 | Swamp:2  | Killed Nikola
 20259 | Swamp:4  | Entered Level 4 of the Swamp
 20329 | Swamp:4  | Reached skill level 16 in Fighting
 20576 | Swamp:4  | Noticed abeheron's ghost (adept MiBe)
 20593 | Swamp:4  | Killed abeheron's ghost
 21150 | Swamp:4  | Received a gift from Trog
 21186 | Swamp:4  | Noticed a bone dragon
 21193 | Swamp:4  | Killed a bone dragon
 21214 | Swamp:4  | Got a decaying rune of Zot
 21399 | Snake:1  | Entered Level 1 of the Snake Pit
 21399 | Snake:1  | Noticed Frances
 21410 | Snake:1  | Killed Frances
 21629 | Snake:1  | Noticed Josephine
 21637 | Snake:1  | Killed Josephine
 21637 | Snake:1  | Reached XP level 16. HP: 151/151 MP: 15/15
 21798 | Snake:1  | Received a gift from Trog
 21881 | Snake:1  | Noticed SubscribeToDemise's ghost (journeyman MiBe)
 21894 | Snake:1  | Killed SubscribeToDemise's ghost
 22193 | Snake:1  | Noticed Aizul
 22216 | Snake:1  | Killed Aizul
 23151 | Snake:3  | Reached skill level 17 in Fighting
 23372 | Snake:3  | Received a gift from Trog
 23499 | Snake:4  | Entered Level 4 of the Snake Pit
 23962 | Snake:4  | Reached skill level 10 in Dodging
 24216 | Snake:4  | Received a gift from Trog
 24334 | Snake:4  | Reached skill level 18 in Fighting
 24334 | Snake:4  | Reached XP level 17. HP: 98/162 MP: 16/16
 24498 | Snake:4  | Received a gift from Trog
 25669 | Snake:4  | Got a serpentine rune of Zot
 26462 | Vaults:1 | Entered Level 1 of the Vaults
 26719 | Vaults:1 | Received a gift from Trog
 27067 | Vaults:1 | Reached skill level 19 in Fighting
 27402 | Vaults:1 | Cast into level 2 of the Abyss (a wizard)
 27773 | Abyss:2  | Noticed a profane servitor
 27787 | Abyss:2  | Killed a profane servitor
 27846 | Abyss:2  | Found a hide-covered altar of Uskayaw.
 27859 | Abyss:2  | Found a hide-covered altar of Uskayaw.
 27941 | Vaults:1 | Escaped the Abyss
 28054 | Vaults:1 | Noticed an Ice Fiend
 28116 | Vaults:1 | Received a gift from Trog
 28248 | Vaults:1 | Reached XP level 18. HP: 128/177 MP: 17/17
 29211 | Vaults:1 | Reached skill level 20 in Fighting
 29370 | Vaults:2 | Received a gift from Trog
 29485 | Vaults:2 | Noticed tijit's ghost (adept MfSk)
 29493 | Vaults:2 | Reached skill level 15 in Armour
 29522 | Vaults:2 | Killed tijit's ghost
 29543 | Vaults:2 | Cast into level 2 of the Abyss (a deep elf demonologist)
 29561 | Abyss:2  | Noticed a lich
 29765 | Abyss:4  | Found a corrupted altar of Lugonu.
 29831 | Abyss:4  | Got an abyssal rune of Zot
 29860 | Vaults:2 | Escaped the Abyss
 29861 | Vaults:2 | Noticed a Tzitzimitl
 29861 | Vaults:2 | Received a gift from Trog
 30512 | Depths:1 | Entered Level 1 of the Depths
 30618 | Depths:1 | Reached XP level 19. HP: 135/188 MP: 18/18
 30620 | Depths:1 | Reached skill level 21 in Fighting
 30696 | Depths:1 | Found a one-way gate to the infinite horrors of the Abyss.
 30715 | Depths:1 | HP: 15/283 [iron troll (20)]
 30715 | Depths:1 | HP: 2/283 [iron troll (13)]
 30715 | Depths:1 | Demolished by an iron troll

Skill      XL: |  1  2  3  4  5  6  7  8  9 10 11 12 13 14 15 16 17 18 19 |
---------------+----------------------------------------------------------+-----
Axes           | 4 5 6 7 8 10 12 14 16 17 18 19 | 19.3
Shields        | 1 2 3 4 5 6 8 10 11 12 13 15 16 17 18 | 18.9
Fighting       | 4 5 6 7 9 10 12 13 14 15 16 18 19 20 21 | 21.0
Armour         | 4 7 10 11 13 14 15 | 15.7
Dodging        | 5 8 10 11 13 | 13.2

Action                   |  1- 3 |  4- 6 |  7- 9 | 10-12 | 13-15 | 16-18 | 19-21 || total
-------------------------+-------+-------+-------+-------+-------+-------+-------++-------
Melee: Hand axe          |    73 |   107 |    89 |       |       |       |       ||   269
       Headbutt          |     6 |    22 |    33 |   117 |   269 |   201 |     3 ||   651
       War axe           |       |       |    65 |   492 |   175 |       |       ||   732
       Broad axe         |       |       |       |       |   871 |   935 |    13 ||  1819
Invok: Berserk           |     1 |     2 |     7 |    12 |    20 |    12 |     1 ||    55
       Trog's Hand       |       |       |     1 |     8 |    11 |    25 |       ||    45
       Brothers in Arms  |       |       |       |     1 |     4 |     7 |       ||    12
       Burn Spellbooks   |       |       |       |       |     3 |       |       ||     3
Evoke: Wand              |       |       |       |     6 |     1 |     1 |       ||     8
  Use: Scroll            |       |     2 |    11 |     2 |    24 |    11 |       ||    50
       Potion            |       |       |       |       |     2 |     4 |       ||     6
 Stab: Sleeping          |     1 |     1 |       |       |       |       |       ||     2
       Distracted        |       |       |       |       |     2 |     2 |       ||     4
  Eat: Chunk             |     1 |     3 |    12 |    16 |    39 |    11 |       ||    82
       Bread ration      |       |     1 |       |     3 |       |       |       ||     4
       Meat ration       |       |       |       |     1 |     5 |     9 |       ||    15
Armor: Animal skin       |    14 |    16 |       |       |       |       |       ||    30
       Chain mail        |       |    28 |    50 |       |     1 |       |       ||    79
       Plate armour      |       |       |    22 |   204 |   350 |   263 |     4 ||   843
Dodge: Dodged            |    28 |    27 |    35 |    89 |   294 |   401 |    17 ||   891
Block: Shield            |    19 |    41 |    88 |   362 |   670 |   762 |    20 ||  1962
